 Dungeon Crawl Stone Soup version 0.23-a0-808-gd21de94 (webtiles) character file.

210 MalarOregon the Poker (level 5, -5/41 HPs)
             Began as a Merfolk Gladiator on Jan 20, 2019.
             Killed from afar by Sigmund (9 damage)
             ... with a puff of flame
             ... on level 4 of the Dungeon.
             The game lasted 00:04:34 (3105 turns).

MalarOregon the Poker (Merfolk Gladiator)           Turns: 3105, Time: 00:04:34

Health: -5/41      AC: 11    Str: 14    XL:     5   Next: 87%
Magic:  5/5        EV:  8    Int: 14    God:
Gold:   191        SH:  0    Dex: 15    Spells: 4/4 levels left

rFire    . . .     SeeInvis .   a - +0 trident
rCold    . . .     Gourm    .   (no shield)
rNeg     . . .     Faith    .   m - +0 chain mail
rPois    .         Spirit   .   c - +0 helmet
rElec    .         Reflect  .   (no cloak)
rCorr    .         Harm     .   g - +0 pair of gloves
MR       .....                  n - +0 pair of boots
Stlth    ..........             s - amulet of rage
HPRegen  0.13/turn              (no ring)
MPRegen  0.09/turn              (no ring)

@: brilliant
A: change form in water, swift swim, stealthy swim
a: Evoke Berserk Rage


You were on level 4 of the Dungeon.
You were not hungry.

You visited 1 branch of the dungeon, and saw 4 of its levels.

You collected 191 gold pieces.

Inventory:

Hand Weapons
 a - a +0 trident (weapon)
 u - a +0 halberd
   (You found it on level 3 of the Dungeon)
Missiles
 d - 3 throwing nets (quivered) {!f}
Armour
 c - a +0 helmet (worn)
 g - a +0 pair of gloves (worn)
   (You found it on level 1 of the Dungeon)
 m - a +0 chain mail (worn)
   (You found it on level 1 of the Dungeon)
 n - a +0 pair of boots (worn)
   (You found it on level 2 of the Dungeon)
Jewellery
 h - an uncursed ring of resist corrosion {unknown}
   (You found it on level 1 of the Dungeon)
 s - an amulet of rage (around neck)
   (You found it on level 4 of the Dungeon)
Scrolls
 f - a scroll of blinking {unknown}
 i - 5 scrolls of remove curse {unknown}
 j - 3 scrolls of identify {@r1}
 k - a scroll of enchant armour {unknown}
 l - a scroll of teleportation {unknown}
 p - a scroll of fear {unknown}
 q - a scroll of amnesia {unknown}
 t - a scroll of fog {unknown}
Comestibles
 e - 8 rations {!d}


   Skills:
 + Level 3.4 Fighting
 + Level 5.6 Polearms
 + Level 3.1 Throwing
 + Level 1.5 Armour
 + Level 5.1 Dodging


You had 4 spell levels left.
You didn't know any spells.
Your spell library was empty.

Dungeon Overview and Level Annotations

Branches:
Dungeon (4/15)
 Temple: D:4-7

Altars:
Kikubaaqudgha

Annotations:
D:4 Sigmund


Message History

You hit something.
You hear some strange, mumbled words.
A magic dart appears from out of thin air!
The magic dart hits you!
You miss something. Something hits you.
You closely miss something.
Unknown command.
You hit something. Something hits you but does no damage.
You hit something. Something hits you but does no damage.
You miss something.
All of the chunks of flesh in your inventory have rotted away.
Unknown command.
You hit something but do no damage.
A mummy comes into view.
Something hits you but does no damage.
You hit something. Something hits you!
* * * LOW HITPOINT WARNING * * *
You puncture something! You miss something.
You hear some strange, mumbled words.
A magic dart appears from out of thin air!
The magic dart hits you!
You miss something. Something hits you but does no damage.
You puncture something! Something hits you.
* * * LOW HITPOINT WARNING * * *
You miss something. You miss something. Something hits you.
* * * LOW HITPOINT WARNING * * *
Your chain mail prevents you from hitting something.
Something completely misses you.
Unknown command.
As you read the scroll labeled FEIPOO ZAREICH, it crumbles to dust.
It is a scroll of identify.
s - an uncursed amulet of rage Put on which piece of jewellery? (? for menu, Esc to quit)
s - an amulet of rage (around neck)
Something hits you but does no damage.
You fail to use your ability.
You fail to use your ability.
You hear some strange, mumbled words.
A puff of flame appears from out of thin air!
The puff of flame hits you!
You die...

#.#.#####...#.#.
#.#.............
###.#.#####.....#.
..#.#...<.........
#########
#.#...............
.{......#
#.#...............
#.#
#.#.#.###.#.####..
#.# #.#.#.#
#.........
#.####@#.###
###.####.#
#...M{.#.# #.# #.#
#..#####.# #.# #.#
######......[.#
#.# #.#
........#######
#.# #.# ###.....#
#.# #.# #######
#.####.# #......#
#.####.#


You could see a mummy.

Vanquished Creatures
  An ogre (D:4)
  6 adders
  2 oozes (D:2)
  An adder skeleton (D:4)
  2 worms (D:3)
  A dart slug (D:3)
  2 leopard geckos (D:1)
  2 orcs (D:3)
  3 bats
  2 giant cockroaches
  2 goblins
  8 hobgoblins
  2 kobolds (D:3)
  5 quokkas
  3 ball pythons
  2 frilled lizards (D:4)
  5 rats
49 creatures vanquished.

Notes
Turn   | Place    | Note
-------+----------+-------------------------------------------
     0 | D:1      | MalarOregon the Merfolk Gladiator began the quest for the
                  | Orb.
     0 | D:1      | Reached XP level 1. HP: 16/16 MP: 1/1
   150 | D:1      | Reached XP level 2. HP: 23/23 MP: 2/2
   866 | D:2      | Reached XP level 3. HP: 27/28 MP: 3/3
  1605 | D:3      | Reached skill level 5 in Polearms
  1605 | D:3      | Reached XP level 4. HP: 34/34 MP: 4/4
  1638 | D:3      | Reached skill level 1 in Armour
  2344 | D:3      | Reached XP level 5. HP: 41/41 MP: 5/5
  2416 | D:3      | Found an ancient bone altar of Kikubaaqudgha.
  2835 | D:4      | Noticed an ogre
  2887 | D:4      | Killed an ogre
  2887 | D:4      | Reached skill level 5 in Dodging
  3069 | D:4      | Noticed Sigmund
  3105 | D:4      | Killed from afar by Sigmund

Vault maps used:
D:1:      nzn_arrival_depleted_hourglass, nrook_loot_triangle
D:3:      lemuel_doored_altar
D:4:      kennysheep_mini_moat, first_ration, minmay_mini_ossuary, uniq_sigmund

Skill      XL: |  1  2  3  4  5 |
---------------+----------------+-----
Polearms       | 5 |  5.6
Armour         | 1 |  1.5
Fighting       | 3 |  3.4
Throwing       | 3 |  3.1
Dodging        | 5 |  5.1

Action                   |  1- 3 |  4- 6 || total
-------------------------+-------+-------++-------
Melee: Trident           |    73 |   148 ||   221
  Use: Potion            |       |     2 ||     2
       Scroll            |       |     1 ||     1
  Eat: Chunk             |     1 |     6 ||     7
Armor: Leather armour    |     5 |       ||     5
       Chain mail        |    15 |    55 ||    70
Dodge: Dodged            |    32 |    49 ||    81

Table legend:
 A = Non-vault XP
 B = Vault XP
 C = Vault XP percentage of total XP
 D = Non-vault monster count
 E = Vault monster count
 F = Vault count percentage of total count
                 A         B        C        D         E       F
            +---------+---------+-------+---------+---------+-------
      Total |     300 |       0 |   0.0 |      49 |       0 |   0.0
            +---------+---------+-------+---------+---------+-------
        D:1 |      27 |       0 |   0.0 |      14 |       0 |   0.0
        D:2 |      44 |       0 |   0.0 |       6 |       0 |   0.0
        D:3 |      96 |       0 |   0.0 |      23 |       0 |   0.0
        D:4 |     133 |       0 |   0.0 |       6 |       0 |   0.0
            +---------+---------+-------+---------+---------+-------
